 Dungeon Crawl Stone Soup version bcrawl-1.21.2-1-g32d02e0829 (webtiles) character file.

Game seed: 14766089201113188062

95 Freyura the Cudgeler (level 4, 0/44 HPs)
             Began as a Troll Monk on Feb 23, 2020.
             Killed from afar by Sigmund (8 damage)
             ... with a puff of flame
             ... on level 2 of the Dungeon.
             The game lasted 00:03:48 (1440 turns).

Freyura the Cudgeler (Troll Monk)                   Turns: 1440, Time: 00:03:49

Health: 0/44       AC:  5    Str: 20    XL:     4   Next: 40%
Magic:  0/4        EV: 10    Int:  7    God:
Gold:   155        SH:  0    Dex: 12    Spells: 3/3 levels left

rFire    . . .     SeeInvis .   a - +0 mace
rCold    . . .     Gourm    +   (no shield)
rNeg     + . .     Faith    .   (armour unavailable)
rPois    .         Spirit   +   b - +0 hat
rElec    .         Reflect  .   (no cloak)
rCorr    .         Harm     .   (gloves unavailable)
MR       .....                  (boots unavailable)
Stlth    +.........             c - amulet of guardian spirit
HPRegen  0.54/turn              f - ring of positive energy (curse)
MPRegen  0.09/turn              r - ring of attention (curse)

@: no status effects
A: large, almost no armour, unfitting armour, claws 3, fast metabolism 3,
gourmand, regeneration 1, AC +5
a: no special abilities


You were on level 2 of the Dungeon.
You were not hungry.

You visited 1 branch of the dungeon, and saw 2 of its levels.

You collected 155 gold pieces.

Inventory:

Hand Weapons
 a - a +0 mace (weapon)
Armour
 b - a +0 hat (worn)
Jewellery
 c - an amulet of guardian spirit (around neck)
 f - a cursed ring of positive energy (left claw)
 q - a +2 ring of dexterity
 r - a cursed ring of attention (right claw)
Scrolls
 j - a scroll of teleportation
 o - a scroll of amnesia
Potions
 h - a potion of heal wounds {unknown}
 i - a potion of haste {unknown}
 k - a potion of degeneration {unknown}
 l - 2 potions of curing
 n - a potion of might {unknown}
 p - 2 potions of flight {unknown}
Comestibles
 e - 4 rations {!d}


   Skills:
 + Level 2.9 Fighting
 * Level 4.9 Maces & Flails
 - Level 2.4 Dodging
 - Level 1.1 Stealth
   Level 2.0 Invocations


You had 3 spell levels left.
You didn't know any spells.
Your spell library was empty.

Dungeon Overview and Level Annotations

Branches:
Dungeon (2/12)

Altars:
Makhleb

Annotations:
D:2 Sigmund


Innate Abilities, Weirdness & Mutations

You cannot wear most types of armour.
Your thick skin is tough. (AC +5)
You are too large for most types of armour.
You have claws for hands.
Your metabolism is lightning-fast.
You like to eat raw meat.
Your natural rate of healing is unusually fast.


Message History

The magic dart hits you. The hobgoblin barely misses you.
Sigmund hits you with a +0 scythe.
* * * LOW HITPOINT WARNING * * *
You hit Sigmund.
Sigmund is heavily wounded.
The hobgoblin closely misses you. The hobgoblin barely misses you.
You hit Sigmund.
Sigmund is severely wounded.
Sigmund hits you with a +0 scythe.
* * * LOW HITPOINT WARNING * * *
The hobgoblin hits you with a +0 club.
* * * LOW HITPOINT WARNING * * *
You completely miss Sigmund.
Sigmund is severely wounded.
Sigmund barely misses you. The hobgoblin barely misses you.
You hit Sigmund.
Sigmund is almost dead.
Sigmund points at you and mumbles some strange words.
The puff of flame hits you!
You die...

∩_....##.....###..........#.#*,*
#......#.##.#.#.####.##.###.#*,**
....##.#.#..............# #..,,,,
####*#....##########.#### #..#,,,
**,* #...######### #.* #.)#***
,,,* #...........# #.* #...,,,
*,,* ##.########.# *,* #..#***
*,,***#.# #<...###.## #..#
*,,,,*#.# **#%.@@g....# **,,*
*,,*,*#.# #........#..# *,,,*
*,,*,*#.# #.......#...# *,*,*
,,,*,*#.* #........##.# *,*,*
**,*,**,**#.#...#.##*,# *,*,*
**,*,**,,.......,.# *,****,*,*
**,*,****##.##.#,.# *,,,,,,,>*
*,>,,* #.*#.*,.# ******,*,*
*,,,,******,**,*,,********,*,*


You could see Sigmund and a hobgoblin.

Vanquished Creatures
  A hound (D:2)
  An iguana (D:2)
  An ooze (D:1)
  2 worms (D:2)
  3 leopard geckos
  3 giant cockroaches
  4 goblins
  2 hobgoblins
  3 kobolds
  A quokka (D:1)
  3 bats
  2 frilled lizards
  4 rats
30 creatures vanquished.

Notes
Turn   | Place    | Note
-------+----------+-------------------------------------------
     0 | D:1      | Freyura the Troll Monk began the quest for the Orb.
     0 | D:1      | Reached XP level 1. HP: 22/22 MP: 1/1
    54 | D:1      | Noticed an ogre
    54 | D:1      | Noticed an ogre
    54 | D:1      | Noticed an ogre
    57 | D:1      | Noticed an ogre
   159 | D:1      | Reached XP level 2. HP: 29/29 MP: 2/2
   852 | D:2      | Reached skill level 4 in Maces & Flails
   852 | D:2      | Reached XP level 3. HP: 24/36 MP: 3/3
  1380 | D:2      | Found a burning altar of Makhleb.
  1386 | D:2      | Gained mutation: Your natural rate of healing is unusually
                  | fast. [Troll growth]
  1386 | D:2      | Reached XP level 4. HP: 33/44 MP: 2/4
  1422 | D:2      | Noticed Sigmund
  1440 | D:2      | Killed from afar by Sigmund

Skill      XL: |  1  2 |
---------------+-------+-----
Maces & Flails | 4 |  4.9
Fighting       | |  2.9
Dodging        | |  2.4
Stealth        | |  1.1
Invocations    | |  2.0

Action                   |  1- 3 |  4- 6 || total
-------------------------+-------+-------++-------
Melee: Mace              |   111 |    16 ||   127
  Use: Scroll            |     5 |       ||     5
 Stab: Sleeping          |     5 |       ||     5
  Eat: Chunk             |     9 |       ||     9
Armor: Skin              |    42 |     4 ||    46
Dodge: Dodged            |    67 |    14 ||    81
